 Dungeon Crawl Stone Soup version 0.30.0-29-ga12c61a403 (webtiles) character file.

Game seed: 11141762392269744813

499 seaoflcl the Chopper (level 6, -6/56 HPs)
             Began as a Minotaur Fighter on June 9, 2023.
             Mangled by an ogre
             ... wielding a +0 giant club
              (29 damage)
             ... on level 5 of the Dungeon.
             The game lasted 00:02:48 (2402 turns).

seaoflcl the Chopper (Minotaur Fighter)             Turns: 2402, Time: 00:02:48

Health: -6/56      AC:  9    Str: 22    XL:     6   Next: 94%
Magic:  5/5        EV:  8    Int:  5    God:
Gold:   210        SH:  5    Dex: 10    Spells: 5/5 levels left

rFire   . . .        a - +0 war axe
rCold   . . .        c - +0 buckler
rNeg    . . .        r - +0 chain mail
rPois   .            (helmet restricted)
rElec   .            (no cloak)
rCorr   .            (no gloves)
SInv    .            (no boots)
Will    .....        (no amulet) Stlth
                     (no ring)
HPRegen 0.29/turn    (no ring)
MPRegen 0.09/turn

%: no passive effects
@: no status effects
A: horns 2, retaliatory headbutt
a: no special abilities


You were on level 5 of the Dungeon.
You visited 1 branch of the dungeon, and saw 5 of its levels.

You collected 210 gold pieces.

Inventory:

Hand Weapons
 a - a +0 war axe (weapon)
 y - the +9 dagger of Liunt {venom, Str+5}
   (You found it on level 3 of the Dungeon)

   Str:       It affects your strength (+5).
Missiles
 f - 6 javelins (quivered)
Armour
 c - a +0 buckler (worn)
 r - a +0 chain mail (worn)
Wands
 t - a wand of flame (10)
 z - a wand of paralysis (12)
Scrolls
 e - 4 scrolls of teleportation {unknown}
 i - 2 scrolls of identify {unknown}
 k - 2 scrolls of brand weapon {unknown}
 m - 4 scrolls of fog {unknown}
 o - a scroll of poison {unknown}
 p - a scroll of magic mapping {unknown}
 q - a scroll of blinking {unknown}
 x - a scroll of immolation {unknown}
Potions
 b - 3 potions of invisibility {unknown}
 d - a potion of might
 g - a potion of mutation {unknown}
 h - 3 potions of heal wounds {unknown}
 j - 2 potions of ambrosia {unknown}
 l - 2 potions of brilliance {unknown}
 n - a potion of lignification {unknown}
 s - 2 potions of flight {unknown}
 u - a potion of resistance {unknown}
 v - a potion of experience {unknown}
 w - 2 potions of curing {unknown}


   Skills:
 + Level 5.4 Fighting
 * Level 5.9 Axes
 + Level 5.3 Armour
 + Level 5.3 Shields


You had 5 spell levels left.
You didn't know any spells.
Your spell library contained the following spells:

 Spells                   Type           Power      Damage    Failure   Level
 Sandblast                Erth           0%         2d4       98%         1
 Passwall                 Tmut/Erth      0%         N/A       99%         2
 Stone Arrow              Conj/Erth      0%         3d7       100%        3


Dungeon Overview and Level Annotations

Branches:
Dungeon (5/15)
 Temple: D:4-7

Altars:
Ashenzari
Hepliaklqana
Ru
Sif Muna

Shops:
D:1 *(*:   D:3 *


Innate Abilities, Weirdness & Mutations

You have a pair of horns on your head.
You reflexively headbutt those who attack you in melee.


Message History

You blink.
You slash the phantom!
You destroy the phantom!
The black bear barely misses you.
The black bear claws you but does no damage. x2
You barely miss the black bear. The black bear bites you.
The black bear claws you but does no damage.
The black bear claws you.
You slash the black bear!
The black bear is moderately wounded.
The black bear bites you but does no damage.
The black bear barely misses you. You block the black bear's attack.
You hit the black bear.
The black bear is heavily wounded.
The black bear bites you but does no damage.
The black bear barely misses you. x2
You hit the black bear.
The black bear is severely wounded.
The black bear bites you.
The black bear claws you but does no damage.
The black bear completely misses you. The black bear barely misses you.
The black bear claws you but does no damage.
The black bear claws you.
You completely miss the black bear.
The black bear is heavily wounded.
The black bear bites you. The black bear barely misses you.
The black bear claws you but does no damage.
You hit the black bear. You headbutt the black bear.
The black bear is almost dead.
The black bear closely misses you. You furiously retaliate!
You headbutt the black bear!
You kill the black bear!
You slash the ogre!
The ogre is heavily wounded.
The ogre hits you with a +0 giant club!
You barely miss the ogre.
The ogre is heavily wounded.
The ogre hits you with a +0 giant club!!
Ouch! That really hurt!
You die...

#.....# #.....#
#.....# #<.††.#
#.<...# ##.####
#.# #######.###
#.....O@..####...
#.#####.#........
#.# #.........##
........########
#######.# ..#
####


You could see an ogre.

Vanquished Creatures
  A black bear (D:5)
  A phantom (D:5)
  2 scorpions
  2 jellies (D:4)
  An iguana (D:4)
  Ijyb (D:4)
  2 adders
  2 worms (D:2)
  2 dart slugs
  4 orcs
  7 ball pythons
  4 endoplasms
  12 giant cockroaches
  5 hobgoblins
  3 quokkas
  8 bats
  2 frilled lizards
  9 goblins
  5 kobolds
  4 rats
77 creatures vanquished.

Notes
Turn   | Place    | Note
-------+----------+-------------------------------------------
     0 | D:1      | seaoflcl the Minotaur Fighter began the quest for the Orb.
     0 | D:1      | Reached XP level 1. HP: 19/19 MP: 0/0
    36 | D:1      | Found Kyirch's Antique Weapon Shoppe.
    77 | D:1      | Found Fothrohoq's Assorted Antiques.
   166 | D:1      | Found a faded altar of an unknown god.
   244 | D:1      | Reached XP level 2. HP: 11/27 MP: 1/1
   317 | D:1      | Found Fosaxyxe's Book Boutique.
   450 | D:1      | Found Wanuotyi's Assorted Antiques.
   562 | D:2      | Reached XP level 3. HP: 33/33 MP: 2/2
   980 | D:3      | Found a hazy altar of Hepliaklqana.
  1064 | D:3      | Found Cuawi's Assorted Antiques.
  1405 | D:3      | Reached XP level 4. HP: 40/40 MP: 3/3
  1475 | D:3      | Identified the +9 dagger of Liunt {venom, Str+5}
  1612 | D:3      | Found a broken altar of Ashenzari.
  1860 | D:4      | Reached XP level 5. HP: 46/47 MP: 4/4
  2013 | D:4      | Reached skill level 5 in Axes
  2041 | D:4      | Noticed Ijyb
  2051 | D:4      | Paralysed by Ijyb for 5 turns
  2057 | D:4      | Killed Ijyb
  2058 | D:4      | Reached XP level 6. HP: 53/55 MP: 5/5
  2129 | D:4      | Found a shimmering blue altar of Sif Muna.
  2130 | D:4      | Found a sacrificial altar of Ru.
  2306 | D:5      | Entered Level 5 of the Dungeon
  2315 | D:5      | Reached skill level 5 in Fighting
  2315 | D:5      | Reached skill level 5 in Armour
  2315 | D:5      | Reached skill level 5 in Shields
  2402 | D:5      | Mangled by an ogre

Illustrated notes

Levels and vault maps discovered:
D:1:      shiori_shiawase, layout_basic, shapermc_ecumenical_altar_mp_vishouse,
          serial_shops, shop, shop, shop_fountains, shop
D:2:      layout_rooms
D:3:      minmay_roachtagon, layout_basic, nicolae_overflow_crystal_walls,
          general_overflow_altar, serial_shops, nicolae_shop_overgrown_old_shop
D:4:      cheibrodos_old_hovel, layout_cave_pools, nicolae_overflow_squiral,
          uniq_ijyb
D:5:      layout_loops_ring, nicolae_uskayaw_suspiria,
          ebering_ghost_reflecting_pool

Skill      XL: |  1  2  3  4  5  6 |
---------------+-------------------+-----
Axes           | 3 4 5 |  5.9
Fighting       | 4 5 |  5.4
Armour         | 4 5 |  5.3
Shields        | 4 5 |  5.3

Action                     |  1- 3 |  4- 6 || total
---------------------------+-------+-------++-------
  Melee: War axe           |    90 |    84 ||   174
         Headbutt          |    11 |    12 ||    23
 Armour: Scale mail        |    28 |       ||    28
         Chain mail        |    18 |    53 ||    71
  Dodge: Dodged            |    42 |    28 ||    70
  Block: Buckler           |    26 |    20 ||    46
